 Dungeon Crawl Stone Soup version 0.32-a0-314-g526f7d4993 (webtiles) character file.

Game seed: 17095338875547338037

1181 senseless the Trooper (level 8, -5/70 HPs)
             Began as a Mountain Dwarf Fighter on Feb 15, 2024.
             Was an Initiate of Beogh.
             Slain by a wyvern (14 damage)
             ... on level 5 of the Dungeon.
             The game lasted 00:06:52 (2701 turns).

senseless the Trooper (Mountain Dwarf Fighter)      Turns: 2701, Time: 00:06:54

Health: -5/70      AC: 10    Str: 21    XL:     8   Next: 19%
Magic:  8/8        EV:  9    Int:  9    God:    Beogh [......]
Gold:   182        SH:  6    Dex: 15    Spells: 7/7 levels left

rFire   . . .        a - +1 war axe (flame)
rCold   . . .        c - +0 buckler
rNeg    . . .        b - +0 scale mail
rPois   .            r - +0 helmet
rElec   .            (no cloak)
rCorr   .            (no gloves)
SInv    .            w - +0 pair of boots
Will    .....        i - amulet of regeneration Stlth
                     n - +6 ring of dexterity
HPRegen 1.11/turn    (no ring)
MPRegen 0.11/turn

%: no passive effects
@: no status effects
A: runic magic, artefact enchanting
a: Renounce Religion


You were on level 5 of the Dungeon.
You worshipped Beogh.
Beogh was noncommittal.
You visited 1 branch of the dungeon, and saw 5 of its levels.

You collected 182 gold pieces.

Inventory:

Hand Weapons
 a - a +1 war axe of flaming (weapon)
Missiles
 p - 14 poisoned darts (quivered)
Armour
 b - a +0 scale mail (worn)
 c - a +0 buckler (worn)
 r - a +0 helmet (worn)
 w - a +0 pair of boots (worn)
Jewellery
 i - an amulet of regeneration (around neck)
 n - a +6 ring of dexterity (left hand)
Wands
 q - a wand of charming (9)
 x - a wand of flame (20)
Scrolls
 e - a scroll of fear
 f - a scroll of brand weapon
 m - 2 scrolls of teleportation
Potions
 d - a potion of lignification {unknown}
 g - a potion of invisibility {unknown}
 h - 3 potions of curing
 j - a potion of attraction {unknown}
 k - a potion of brilliance {unknown}
 l - a potion of cancellation {unknown}
 o - a potion of heal wounds
 s - a potion of degeneration {unknown}
 v - a potion of ambrosia {unknown}


   Skills:
 + Level 6.3 Fighting
 + Level 6.2 Axes
 + Level 6.3 Armour
 + Level 6.2 Shields


You had 7 spell levels left.
You didn't know any spells.
Your spell library contained the following spells:

 Spells                   Type           Power      Damage    Failure   Level
 Static Discharge         Conj/Air       0%         3-3/arc   67%         2
 Inner Flame              Hex/Fire       0%         N/A       88%         3
 Airstrike                Air            0%         2d(0-16)  99%         4
 Flame Wave               Conj/Fire      0%         2d4       99%         4
 Sticky Flame             Fire/Alch      0%         2d4       99%         4
 Summon Lightning Spire   Summ/Air       0%         N/A       99%         4


Dungeon Overview and Level Annotations

Branches:
Dungeon (4/15)
 Temple: D:4-7

Altars:
Zin


Innate Abilities, Weirdness & Mutations

Your spellcasting is much less encumbered by armour.
You can use scrolls of enchantment on lesser artefacts.


Message History

The killer bee stings you but does no damage.
The wyvern bites you.
* * * LOW HITPOINT WARNING * * *
You barely miss the killer bee. You slash the wyvern! You burn the wyvern.
You feel sick. The killer bee closely misses you. The wyvern bites you.
* * * LOW HITPOINT WARNING * * *
The killer bee barely misses you. The wyvern barely misses you.
The killer bee barely misses you.
You hit the killer bee but do no damage.
You hit the wyvern. You burn the wyvern.
You feel sick. The killer bee stings you.
* * * LOW HITPOINT WARNING * * *
The wyvern bites you but does no damage.
The killer bee stings you but does no damage.
The wyvern bites you.
* * * LOW HITPOINT WARNING * * *
You feel much better.
You feel sick. The killer bee stings you. The wyvern barely misses you.
You block the killer bee's attack.
You slash the killer bee! You burn the killer bee.
The killer bee is severely wounded.
You hit the wyvern but do no damage.
You feel sick. The killer bee stings you.
* * * LOW HITPOINT WARNING * * *
The wyvern bites you but does no damage.
The killer bee stings you.
* * * LOW HITPOINT WARNING * * *
The wyvern barely misses you.
You miss the killer bee.
The killer bee is severely wounded.
You barely miss the wyvern.
You feel sick. The killer bee barely misses you. You block the wyvern's attack.
The killer bee barely misses you. You block the wyvern's attack.
The killer bee stings you.
* * * LOW HITPOINT WARNING * * *
You miss the killer bee.
The killer bee is severely wounded.
You hit the wyvern but do no damage.
You feel sick.
You are no longer poisoned.
You block the killer bee's attack. You block the wyvern's attack.
The killer bee stings you but does no damage.
The wyvern bites you!
You die...

#.. #.# #.# #.# #.#
#.# . #y# ... ###@#..#
##...k..#.. #.
##..####.#. ⌠.#. ..
#..## ... ⌠....
#.######.#.⌠.⌠.#....##
#........ .... ......
#..###.#####.### #.###
#..#..)..#.....#.....#
#..#.....#.....#.#.#.#


You could see a wyvern and a killer bee.

Vanquished Creatures
  Grinder (D:4)
  An ice beast (D:5)
  2 ogres (D:5)
  2 killer bees (D:5)
  4 hounds
  An orc priest (D:4)
  A sleepcap (D:5)
  5 iguanas
  An orc wizard (D:3)
  Robin (D:3)
  7 gnolls
  3 adders
  3 dart slugs
  2 ribbon worms (D:2)
  18 orcs
  8 ball pythons
  7 endoplasms
  2 giant cockroaches (D:1)
  15 goblins
  9 hobgoblins
  10 jackals
  4 kobolds
  3 quokkas
  2 bats (D:1)
  2 frilled lizards
  11 rats
125 creatures vanquished.

Vanquished Creatures (others)
  An orc priest (D:5)
  2 orcs (D:5)
3 creatures vanquished.

Grand Total: 128 creatures vanquished

Notes
Turn   | Place    | Note
-------+----------+-------------------------------------------
     0 | D:1      | senseless the Mountain Dwarf Fighter began the quest for
                  | the Orb.
     0 | D:1      | Reached XP level 1. HP: 19/19 MP: 1/1
   132 | D:1      | Reached XP level 2. HP: 26/26 MP: 2/2
   307 | D:1      | Reached XP level 3. HP: 33/33 MP: 3/3
   540 | D:1      | Reached XP level 4. HP: 40/40 MP: 4/4
  1176 | D:3      | Noticed Robin
  1180 | D:3      | Killed Robin
  1228 | D:3      | Identified the +9 short sword "Piogeqaa" {heavy, rPois
                  | Str-4 Dex+3}
  1320 | D:3      | Reached XP level 5. HP: 16/46 MP: 5/5
  1470 | D:3      | Found a faded altar of an unknown god.
  1943 | D:4      | Noticed Grinder
  1970 | D:4      | Reached XP level 6. HP: 52/53 MP: 6/6
  1971 | D:4      | Killed Grinder
  1972 | D:4      | Reached skill level 5 in Fighting
  1972 | D:4      | Reached skill level 5 in Armour
  1972 | D:4      | Reached skill level 5 in Shields
  2149 | D:4      | Reached skill level 5 in Axes
  2149 | D:4      | Reached XP level 7. HP: 53/61 MP: 7/7
  2181 | D:4      | Noticed an angel
  2182 | D:4      | Found a glowing silver altar of Zin.
  2432 | D:4      | You fall into a shaft and drop 1 floor!
  2432 | D:5      | Entered Level 5 of the Dungeon
  2438 | D:5      | Became a worshipper of Beogh the Shepherd
  2610 | D:5      | Reached XP level 8. HP: 51/70 MP: 8/8
  2697 | D:5      | HP: 3/70 [wyvern (5)]
  2701 | D:5      | Slain by a wyvern

Illustrated notes

Levels and vault maps discovered:
D:1:      saegor_arrival_simple_c, layout_basic
D:2:      layout_loops_ring
D:3:      layout_loops_ring, ebering_ecumenical_altar_hall, uniq_robin
D:4:      layout_basic, zin_angel, uniq_grinder
D:5:      layout_loops_ring, serial_glass, glass_columns_b, glass_columns_c,
          feat_on_display, minmay_strange_pillars, feat_on_display,
          minmay_chambers_of_fives, uniq_eustachio, uniq_pikel

Skill      XL: |  1  2  3  4  5  6  7 |
---------------+----------------------+-----
Axes           | 3 4 5 6 |  6.2
Fighting       | 4 5 6 |  6.3
Shields        | 4 5 6 |  6.2
Armour         | 4 5 6 |  6.3

Action                     |  1- 3 |  4- 6 |  7- 9 || total
---------------------------+-------+-------+-------++-------
  Melee: War axe           |    72 |   178 |    98 ||   348
 Invoke: Convert to Beogh  |       |       |     1 ||     1
    Use: Scroll            |       |     8 |     1 ||     9
         Potion            |       |     1 |     1 ||     2
 Armour: Scale mail        |    74 |   141 |    87 ||   302
  Dodge: Dodged            |    38 |    72 |    58 ||   168
  Block: Buckler           |    22 |    42 |    16 ||    80

Table legend: (Time is in decaauts)
 A = Elapsed time spent in this place.
 B = Non-inter-level travel time spent in this place.
 C = Inter-level travel time spent in this place.
 D = Time resting spent in this place.
 E = Time spent auto-exploring this place.
 F = Levels seen in this place.
 G = Mean time per level.
                   A        B        C        D        E       F      G
               +--------+--------+--------+--------+--------+-----+--------+
         Total |   2810 |   2716 |     94 |      0 |   1967 |   5 |  562.0 |
       Dungeon |   2810 |   2716 |     94 |      0 |   1967 |   5 |  562.0 |
               +--------+--------+--------+--------+--------+-----+--------+

Top non-repeatable levels by time:
     D:3: 821 daAuts
     D:1: 724 daAuts
     D:4: 513 daAuts
     D:2: 465 daAuts
     D:5: 286 daAuts
